 Dungeon Crawl Stone Soup version 0.29-a0-1006-g0dd7720b37 (webtiles) character file.

Game seed: 7434648032054309425

77 Ajdolov the Shooter (level 4, -7/36 HPs)
             Began as a Ghoul Hunter on Aug 6, 2022.
             Mangled by a wight
             ... wielding a +4 mace
              (15 damage)
             ... on level 3 of the Dungeon.
             The game lasted 00:02:04 (2281 turns).

Ajdolov the Shooter (Ghoul Hunter)                  Turns: 2281, Time: 00:02:05

Health: -7/36      AC:  4    Str: 14    XL:     4   Next: 34%
Magic:  3/3        EV: 11    Int:  4    God:
Gold:   53         SH:  0    Dex: 14    Spells: 3/3 levels left

rFire   . . .      SeeInvis .   a - +0 shortbow
rCold   + . .      Faith    .   (shield currently unavailable)
rNeg    + + +      Spirit   .   c - +0 leather armour
rPois   ∞          Reflect  .   (no helmet)
rElec   .          Harm     +   m - scarf {harm}
rCorr   .          Rampage  .   o - +0 pair of gloves
Will    .....                   (no boots)
Stlth   +.........              (no amulet)
HPRegen 0.00/turn               (no ring)
MPRegen 0.08/turn               (no ring)

@: inhibited regen
A: claws 1, cold resistance 1, negative energy resistance 3, inhibited
regeneration, torment resistance 2, devour on kill
a: no special abilities


You were on level 3 of the Dungeon.
You visited 1 branch of the dungeon, and saw 3 of its levels.

You collected 53 gold pieces.

Inventory:

Hand Weapons
 a - a +0 shortbow (weapon)
Armour
 c - a +0 leather armour (worn)
 m - a scarf of harm (worn)
 o - a +0 pair of gloves (worn)
Scrolls
 b - a scroll of immolation
 d - a scroll of poison {unknown}
 e - a scroll of torment {unknown}
 g - 2 scrolls of identify {unknown}
 h - a scroll of magic mapping {unknown}
 i - a scroll of brand weapon {unknown}
 k - 2 scrolls of fear {unknown}
 l - a scroll of silence {unknown}
 q - a scroll of summoning {unknown}
 s - a scroll of teleportation {unknown}
Potions
 f - a potion of curing {unknown}
 j - a potion of mutation {unknown}
 n - a potion of magic
 p - a potion of lignification {unknown}
 r - a potion of resistance {unknown}


   Skills:
 - Level 2.1 Fighting
 * Level 5.2 Ranged Weapons
 - Level 1.7 Dodging
 - Level 1.1 Stealth


You had 3 spell levels left.
You didn't know any spells.
Your spell library was empty.

Dungeon Overview and Level Annotations

Branches:
Dungeon (3/15)

Altars:


Innate Abilities, Weirdness & Mutations

You are immune to poison.
You have sharp fingernails.
Your flesh is cold resistant. (rC+)
You are immune to negative energy. (rN+++)
You do not regenerate when monsters are visible.
You are immune to unholy pain and torment.
You thrive by killing the living.


Message History

Really target yourself?
Okay, then.
You see here an adder corpse.
q - a scroll labelled XARPHA GENTAU
r - a cyan potion
s - a scroll labelled TAOMIUV XETRUUNK
There is a stone staircase leading down here.
There is an escape hatch in the ceiling here.
Done exploring.
Done exploring.
There is an escape hatch in the ceiling here.
There is a stone staircase leading up here.
There is a stone staircase leading down here.
You climb downwards.
There is a stone staircase leading up here.
You shoot an arrow. The arrow hits the frilled lizard.
You kill the frilled lizard!
No target in view!
A rat comes into view.
You shoot an arrow. The arrow hits the rat.
You kill the rat!
A wight comes into view. It is wielding a +4 mace.
You shoot an arrow.
The arrow hits the wight but does no damage.
You shoot an arrow. The arrow barely misses the wight.
You shoot an arrow. The arrow hits the wight.
The wight is moderately damaged.
The wight hits you with a +4 mace.
You shoot an arrow. The arrow closely misses the wight.
The wight hits you with a +4 mace.
You shoot an arrow. The arrow closely misses the wight.
The wight hits you with a +4 mace.
You shoot an arrow. The arrow closely misses the wight.
The wight closely misses you. The wight hits you with a +4 mace!
* * * LOW HITPOINT WARNING * * *
You are too injured to fight recklessly!
You are too injured to fight recklessly!
It was a potion of magic.
Magic courses through your body. The wight hits you with a +4 mace!
You die...

#.## #... #..#
#..# #..# #..#
#.####..#
.......@# ##
#.#####z# ..
#.####.#†##
.#####.#<.......
........†.#..#.##
########### .# #


You could see a wight.

Vanquished Creatures
  4 adders
  A dart slug (D:1)
  3 endoplasms
  A giant cockroach (D:1)
  3 hobgoblins (D:1)
  6 jackals
  2 kobolds
  4 quokkas (D:1)
  3 ball pythons
  A bat (D:1)
  2 frilled lizards
  9 rats
39 creatures vanquished.

Notes
Turn   | Place    | Note
-------+----------+-------------------------------------------
     0 | D:1      | Ajdolov the Ghoul Hunter began the quest for the Orb.
     0 | D:1      | Reached XP level 1. HP: 17/17 MP: 0/0
    75 | D:1      | Reached skill level 4 in Ranged Weapons
    75 | D:1      | Reached XP level 2. HP: 24/24 MP: 1/1
   721 | D:1      | Reached XP level 3. HP: 29/29 MP: 2/2
   983 | D:1      | Found a faded altar of an unknown god.
  1652 | D:2      | Reached skill level 5 in Ranged Weapons
  1658 | D:2      | Reached XP level 4. HP: 24/36 MP: 3/3
  2281 | D:3      | Mangled by a wight

Illustrated notes

Levels and vault maps discovered:
D:1:      dpeg_arrival_round_b, layout_basic,
          hellmonk_ecumenical_altar_defaced_shrine, dreamdust_mushroom_princess,
          minmay_misc_feat_tiny, chequers_serial_rivers_micro_d, minmay_cut_off
D:2:      layout_loops_cross
D:3:      layout_loops_ring, minmay_overflow_temple_hex, minmay_surrounded,
          uniq_robin

Skill      XL: |  1  2  3 |
---------------+----------+-----
Ranged Weapons | 4 5 |  5.2
Fighting       | |  2.1
Dodging        | |  1.7
Stealth        | |  1.1

Action                   |  1- 3 |  4- 6 || total
-------------------------+-------+-------++-------
 Fire: Shortbow          |   110 |    32 ||   142
  Use: Potion            |       |     1 ||     1
Armor: Leather armour    |    18 |    12 ||    30
Dodge: Dodged            |    42 |    13 ||    55

Table legend: (Time is in decaauts)
 A = Elapsed time spent in this place.
 B = Non-inter-level travel time spent in this place.
 C = Inter-level travel time spent in this place.
 D = Time resting spent in this place.
 E = Time spent auto-exploring this place.
 F = Levels seen in this place.
 G = Mean time per level.
                   A        B        C        D        E       F      G
               +--------+--------+--------+--------+--------+-----+--------+
         Total |   2324 |   2223 |    101 |    117 |   1818 |   3 |  774.7 |
       Dungeon |   2324 |   2223 |    101 |    117 |   1818 |   3 |  774.7 |
               +--------+--------+--------+--------+--------+-----+--------+

Top non-repeatable levels by time:
     D:1: 1225 daAuts
     D:2: 1081 daAuts
     D:3: 16 daAuts
